 Dungeon Crawl Stone Soup version 0.21-a0-349-g0c35859 (webtiles) character file.

46 Ijustatesigmund the Cutter (level 3, -6/19 HPs)
             Began as a Vine Stalker Fighter on Oct 8, 2017.
             Mangled by a gnoll
             ... wielding a +0 halberd
              (10 damage)
             ... on level 3 of the Dungeon.
             The game lasted 00:02:40 (1438 turns).

Ijustatesigmund the Cutter (Vine Stalker Fighter)   Turns: 1438, Time: 00:02:41

Health: -6/19      AC:  6    Str: 16 (18) XL:     3   Next: 66%
Magic:  0/4        EV:  3    Int:  7 (8)  God:
Gold:   77         SH:  8    Dex: 12 (14) Spells: 2/2 levels left

rFire    . . .     SeeInvis .   a - +0 rapier
rCold    + . .     Gourm    .   c - +0 shield
rNeg     . . .     Faith    .   b - +0 scale mail
rPois    .         Spirit   +   (no helmet)
rElec    .         Reflect  .   (no cloak)
rCorr    .         Harm     .   (no gloves)
MR       .....                  (no boots)
Stlth    ..........             (no amulet)
HPRegen  0.06/turn              i - ring of protection from cold
MPRegen  0.09/turn              (no ring)

@: constricted
A: fangs 2, magic shield, antimagic bite, no potion heal 3, rot immunity
a: no special abilities


You were on level 3 of the Dungeon.
You were not hungry.

You visited 1 branch of the dungeon, and saw 3 of its levels.

You collected 77 gold pieces.

Inventory:

Hand Weapons
 a - a +0 rapier (weapon)
Missiles
 p - 3 javelins (quivered)
Armour
 b - a +0 scale mail (worn)
 c - a +0 shield (worn)
Jewellery
 i - a ring of protection from cold (left hand)
 m - a +2 ring of intelligence {unknown}
Scrolls
 e - 3 scrolls of magic mapping
 h - a scroll of teleportation {unknown}
 k - a scroll of recharging {unknown}
 o - a scroll of fog {unknown}
Potions
 d - a potion of might
 j - a potion of heal wounds
Comestibles
 f - a bread ration
 l - a meat ration
 n - a chunk of flesh


   Skills:
 + Level 2.9 Fighting
 + Level 3.3 Short Blades
 - Level 2.4 Armour
 - Level 2.6 Shields


You had 2 spell levels left.
You didn't know any spells.

Dungeon Overview and Level Annotations

Branches:
Dungeon (3/15)

Altars:


Innate Abilities, Weirdness & Mutations

You have extremely sharp teeth.
When hurt, damage is shared between your health and your magic reserves.
Your bite disrupts and absorbs the magic of your enemies.
Potions cannot restore your health.
You are immune to rotting.


Message History

You are too injured to fight recklessly!
You are too injured to fight recklessly!
You are too injured to fight recklessly!
You are too injured to fight recklessly!
You are too injured to fight recklessly!
You are too injured to fight recklessly!
As you read the scroll labeled JIENUNTESM, it crumbles to dust.
You feel aware of your surroundings.
You sensed 2 altars.
It was a scroll of magic mapping.
The gnoll hits you with a halberd.
* * * LOW HITPOINT WARNING * * *
The ball python bites you but does no damage.
The ball python constricts you.
As you read the scroll labeled VUUTZEO YDDA, it crumbles to dust.
It is a scroll of identify.
j - a potion of heal wounds You block the ball python's attack.
* * * LOW HITPOINT WARNING * * *
The ball python constricts you. The gnoll hits you with a halberd!
Ouch! That really hurt!
You die...

######.## ##..†....#
........###..#####.#
#######..#.....###.##
#######.....##.##...#
...†........##......#
(..<).<....###.##...#
.######.#......###.##
.# #.#.##.#####$####
.# #.#.#...gg@S....#
.# *.#,#....###.##.#
.# *.#,#.##,* #.#*,#
.# *.#,*,**,* #.S*,*
.#*****.#,*,**,*
#...,*
,**,,,,,*,*,**,*
##.#.*
,**,,,,,,,*,**,*
*.#.#
,,*,,******,**,*
**.#,#* *,*,,*
*,**,***,,,,,*


You could see 2 gnolls and a ball python.

Vanquished Creatures
  An adder (D:2)
  2 worms (D:2)
  A dart slug (D:1)
  A leopard gecko (D:1)
  A ball python (D:1)
  3 giant cockroaches
  2 hobgoblins
  5 kobolds
  5 bats (D:1)
  4 frilled lizards
  2 goblins (D:1)
  4 rats (D:1)
31 creatures vanquished.

Notes
Turn   | Place    | Note
-------+----------+-------------------------------------------
     0 | D:1      | Ijustatesigmund the Vine Stalker Fighter began the quest for the Orb.
     0 | D:1      | Reached XP level 1. HP: 11/11 MP: 2/2
    46 | D:1      | Reached skill level 2 in Short Blades
   111 | D:1      | Reached XP level 2. HP: 16/16 MP: 3/3
   421 | D:1      | Reached skill level 3 in Short Blades
   615 | D:1      | Reached XP level 3. HP: 19/19 MP: 4/4
  1159 | D:2      | Noticed a phantom
  1438 | D:3      | Mangled by a gnoll

Vault maps used:
D:1:      dpeg_arrival_solitude, hangedman_decor_points
D:3:      chequers_temple_overflow_statue_of_worship

Skill      XL: |  1  2 |
---------------+-------+-----
Short Blades   | 2 3 |  3.3
Fighting       | |  2.9
Armour         | |  2.4
Shields        | |  2.6

Action                   || total
-------------------------++-------
Melee: Rapier            ||    92
       Bite              ||    16
Throw: Javelin           ||     7
  Use: Potion            ||     2
       Scroll            ||     2
  Eat: Chunk             ||     2
Armor: Scale mail        ||    51
Dodge: Dodged            ||    28
Block: Shield            ||    29

Table legend:
 A = Spawn XP
 B = Non-spawn XP
 C = Spawn XP percentage of total XP
 D = Spawn monster count
 E = Non-spawn monster count
 F = Spawn count percentage of total count
 G = Total turns spent on level
                    A         B        C        D         E        F      G
               +---------+---------+-------+---------+---------+-------+---------
         Total |       0 |      66 |   0.0 |       0 |      31 |   0.0 |  1438
               +---------+---------+-------+---------+---------+-------+---------
           D:1 |       0 |      34 |   0.0 |       0 |      22 |   0.0 |   696
           D:2 |       0 |      26 |   0.0 |       0 |       5 |   0.0 |   508
           D:3 |       0 |       6 |   0.0 |       0 |       4 |   0.0 |   234
               +---------+---------+-------+---------+---------+-------+---------
